 Dungeon Crawl Stone Soup version 0.26-a0-952-g76694b35de (webtiles) character file.

Game seed: 9167534655153113530

3131 mhtbhm the Blocker (level 9, -3/55 HPs)
             Began as a Gargoyle Fighter on Nov 29, 2020.
             Was an Initiate of Okawaru.
             Blown up by Maurice (28 damage)
             ... with a disintegration bolt
             ... on level 8 of the Dungeon.
             The game lasted 00:11:33 (8528 turns).

mhtbhm the Blocker (Gargoyle Fighter)               Turns: 8528, Time: 00:11:34

Health: -3/55      AC: 19    Str: 23    XL:     9   Next: 92%
Magic:  9/9        EV:  9    Int: 15    God:    Okawaru [......]
Gold:   197        SH: 17    Dex: 18    Spells: 8/8 levels left

rFire    . . .     SeeInvis .   a - +10 whip of Nanoiwiz {vorpal, Int+6 Dex+3}
rCold    . . .     Faith    .   c - +0 tower shield
rNeg     + . .     Spirit   .   b - +0 plate armour
rPois    ∞         Reflect  .   (no helmet)
rElec    +         Harm     .   (no cloak)
rCorr    .         Rampage  .   (no gloves)
MR       .....                  (no boots)
Stlth    ..........             (no amulet)
HPRegen  0.18/turn              q - +4 ring of evasion
MPRegen  0.11/turn              A - +6 ring of dexterity

@: no status effects
A: negative energy resistance 1, electricity resistance, unbreathing,
petrification resistance, rot immunity, AC +6
a: Renounce Religion


You were on level 8 of the Dungeon.
You worshipped Okawaru.
Okawaru was noncommittal.
You visited 1 branch of the dungeon, and saw 8 of its levels.

You collected 285 gold pieces.
You spent 88 gold pieces at shops.

Inventory:

Hand Weapons
 a - the +10 whip of Nanoiwiz (weapon) {vorpal, Int+6 Dex+3}
   (You found it on level 6 of the Dungeon)

   It inflicts extra damage upon your enemies.
   It affects your intelligence (+6).
   It affects your dexterity (+3).
Armour
 b - a +0 plate armour (worn)
 c - a +0 tower shield (worn)
Jewellery
 q - a +4 ring of evasion (left hand)
 A - a +6 ring of dexterity (right hand)
Wands
 f - a wand of paralysis (7)
 r - a wand of flame (27)
Scrolls
 e - 3 scrolls of fog
 k - a scroll of fear
 l - 2 scrolls of enchant armour
 n - 3 scrolls of remove curse
 o - a scroll of immolation
 t - 2 scrolls of blinking
 u - 3 scrolls of magic mapping {unknown}
 v - a scroll of teleportation
 x - a scroll of amnesia {unknown}
 y - a scroll of enchant weapon {unknown}
Potions
 d - 2 potions of haste
 g - a potion of heal wounds
 h - 3 potions of lignification
 i - 3 potions of curing
 j - 3 potions of flight
 m - 2 potions of invisibility
 p - 2 potions of attraction
 s - a potion of cancellation {unknown}
 w - a potion of mutation {unknown}
 z - a potion of degeneration {unknown}
 B - 2 potions of might


   Skills:
 + Level 5.9 Fighting
 + Level 7.7 Maces & Flails
 + Level 6.5 Armour
 + Level 3.5 Dodging
 + Level 0.9 Stealth
 + Level 8.9 Shields
 + Level 0.5 Unarmed Combat
 + Level 0.1 Evocations


You had 8 spell levels left.
You didn't know any spells.
Your spell library contained the following spells:

 Spells                   Type           Power        Failure   Level
 Corona                   Hex            #......      100%        1
 Ensorcelled Hibernation  Hex/Ice        #.....       100%        2
 Confusing Touch          Hex            #.......     100%        3
 Dazzling Flash           Conj/Hex       #.....       100%        3
 Tukima's Dance           Hex            #.......     100%        3


Dungeon Overview and Level Annotations

Branches:
Dungeon (8/15)             Temple (0/1) D:5
   Lair: D:8-11

Altars:
Ashenzari
Cheibriados
Dithmenos
Elyvilon
Hepliaklqana
Kikubaaqudgha
Nemelex Xobeh
Okawaru
Qazlal
Ru
Sif Muna
Trog
Uskayaw
Vehumet
Zin
The Shining One

Shops:
D:6 }[   D:7 !

Annotations:
D:8 Maurice, Psyche


Innate Abilities, Weirdness & Mutations

You are resistant to torment.
Your stone body is resilient. (AC +6)
You are immune to poison.
You resist negative energy. (rN+)
You are resistant to electric shocks. (rElec)
You can survive without breathing.
You are immune to petrification.
You are immune to rotting.


Message History

No target in view!
No target in view!
No target in view!
No target in view!
No target in view!
No target in view!
No target in view!
No target in view!
You whack something!
You hear a zap.
You are blasted!
Ouch! That really hurt!
You hit something. Something hits you but does no damage.
You hit something. Something hits you but does no damage.
You barely miss something.
You hear some strange, mumbled words.
Psyche shouts!
You hear a zap.
You are blasted!
Ouch! That really hurt!
You die...

........)...(.##
############...#
..........#
..........##
########....#
..........#.##
#######...#..#
#...##.##
#...##@.#
#...#....#
#...#....##.
#...#....#_...
#...####.##...
.##8.. ## ##8


There were no monsters in sight!

Vanquished Creatures
  A hornet (D:7)
  An orc warrior (D:7)
  A black bear (D:7)
  An ice beast (D:7)
  A sky beast (D:5)
  5 ogres
  A centaur (D:7)
  2 bullfrogs
  4 scorpions
  10 killer bees
  A howler monkey (D:5)
  2 centaur skeletons (D:4)
  3 hounds
  2 orc priests
  8 orc wizards
  A gnoll shaman (D:6)
  Ijyb (D:3)
  2 iguanas
  7 worker ants
  Natasha (thrice) (D:2)
  2 killer bee zombies
  2 hound skeletons
  8 adders
  14 gnolls
  A howler monkey skeleton (D:6)
  A shadow imp (D:5)
  3 white imps
  2 ufetubi (D:5)
  An ooze (D:3)
  An adder skeleton (D:5)
  3 worms (D:2)
  5 dart slugs
  5 leopard geckos
  19 orcs
  A bat zombie (D:6)
  6 giant cockroaches
  8 hobgoblins
  14 jackals
  3 quokkas
  2 ball pythons (D:2)
  12 bats
  5 frilled lizards
  6 goblins
  9 kobolds
  A quokka skeleton (D:3)
  14 rats
  3 rat zombies (D:6)
208 creatures vanquished.

Notes
Turn   | Place    | Note
-------+----------+-------------------------------------------
     0 | D:1      | mhtbhm the Gargoyle Fighter began the quest for the Orb.
     0 | D:1      | Reached XP level 1. HP: 14/14 MP: 1/1
    41 | D:1      | Reached XP level 2. HP: 9/19 MP: 2/2
   428 | D:1      | Reached XP level 3. HP: 20/23 MP: 3/3
   872 | D:1      | You fall into a shaft and drop 1 floor!
  1136 | D:2      | Reached skill level 4 in Shields
  1142 | D:2      | Reached XP level 4. HP: 29/29 MP: 4/4
  1459 | D:2      | Found a faded altar of an unknown god.
  1547 | D:2      | Noticed Natasha
  1561 | D:2      | Killed Natasha
  1562 | D:2      | Reached skill level 1 in Dodging
  1824 | D:2      | Reached XP level 5. HP: 33/33 MP: 5/5
  1967 | D:2      | Found a glowing silver altar of Zin.
  1971 | D:2      | Found a bloodstained altar of Trog.
  2074 | D:2      | Noticed Natasha
  2080 | D:2      | Killed Natasha
  2171 | D:2      | Noticed Natasha
  2178 | D:2      | Killed Natasha
  2442 | D:3      | Reached XP level 6. HP: 38/38 MP: 6/6
  2836 | D:3      | Noticed Ijyb
  2854 | D:3      | Killed Ijyb
  3063 | D:4      | Found a hide-covered altar of Uskayaw.
  3069 | D:4      | Noticed a +0 dagger
  3069 | D:4      | Noticed a +0 hand axe
  3332 | D:4      | Reached skill level 5 in Shields
  3332 | D:4      | Reached XP level 7. HP: 39/44 MP: 7/7
  3674 | D:4      | Found a hazy altar of Hepliaklqana.
  4141 | D:4      | Reached skill level 5 in Maces & Flails
  4275 | D:4      | Found a broken altar of Ashenzari.
  4334 | D:5      | Entered Level 5 of the Dungeon
  4442 | D:5      | Found a staircase to the Ecumenical Temple.
  5091 | D:5      | Reached XP level 8. HP: 38/48 MP: 8/8
  5099 | D:5      | Reached skill level 5 in Armour
  5099 | D:5      | Reached skill level 6 in Shields
  5145 | D:5      | Reached skill level 5 in Fighting
  5731 | D:5      | Found a radiant altar of Vehumet.
  5768 | D:5      | Found a sparkling altar of Nemelex Xobeh.
  6168 | D:6      | Found Vaacvuym's Gadget Emporium.
  6193 | D:6      | Got a fine whip
  6194 | D:6      | Identified the +10 whip of Nanoiwiz {vorpal, Int+6 Dex+3}
                  | (You found it on level 6 of the Dungeon)
  6550 | D:6      | Reached skill level 7 in Shields
  6572 | D:6      | Found Xaeneu's Antique Armour Shop.
  6578 | D:6      | Reached XP level 9. HP: 54/54 MP: 9/9
  6618 | D:6      | Found a white marble altar of Elyvilon.
  6631 | D:6      | Became a worshipper of Elyvilon the Healer
  7234 | D:6      | Found an ancient bone altar of Kikubaaqudgha.
  7386 | D:7      | Noticed a hornet
  7392 | D:7      | Killed a hornet
  7610 | D:7      | Reached * piety under Elyvilon
  7617 | D:7      | Reached skill level 8 in Shields
  7768 | D:7      | Found Pureoxt's Distillery.
  7776 | D:7      | Bought a potion of might for 44 gold pieces
  7776 | D:7      | Bought a potion of might for 44 gold pieces
  7824 | D:7      | Found a stormy altar of Qazlal.
  8131 | D:7      | Found a shimmering blue altar of Sif Muna.
  8131 | D:7      | Found a snail-covered altar of Cheibriados.
  8136 | D:7      | Found a sacrificial altar of Ru.
  8138 | D:7      | Found a faded altar of an unknown god.
  8139 | D:7      | Found a shadowy altar of Dithmenos.
  8183 | D:7      | Found a bloodstained altar of Trog.
  8184 | D:7      | Found an iron altar of Okawaru.
  8194 | D:7      | Fell from the grace of Elyvilon
  8194 | D:7      | Became a worshipper of Warmaster Okawaru
  8520 | D:8      | Found a glowing golden altar of the Shining One.
  8520 | D:8      | Noticed Maurice
  8528 | D:8      | Noticed Psyche
  8528 | D:8      | Blown up by Maurice

Illustrated notes

Levels and vault maps discovered:
D:1:      minmay_arrival_radiant_lines, layout_rooms
D:2:      minmay_razor_zed, layout_rooms, lemuel_doored_altar,
          chequers_ecumenical_altar_simple_redux, serial_aquarium,
          aquarium_bridge_straight [aquarium_subvault_bridge,
          aquarium_subvault_balcony, aquarium_subvault_bridge,
          aquarium_subvault_window], aquarium_bridge_square
          [aquarium_subvault_bridge, aquarium_subvault_window,
          aquarium_subvault_bridge, aquarium_subvault_bridge],
          aquarium_window_fake, aquarium_window_corner, aquarium_window_corner,
          aquarium_view_2e, aquarium_view_2d, aquarium_balcony_5b, bloody_trog,
          uniq_natasha
D:3:      layout_basic, uniq_ijyb
D:4:      layout_basic, lemuel_coloured_pillars_altar, dancing_weapons_uskayaw,
          kennysheep_mini_moat
D:5:      layout_cave_pools, general_overflow_altar, vehumet_crystals,
          minmay_temple_entry_grid
D:6:      layout_basic, lemuel_crystal_altar, lemuel_zombie_altar_kikubaaqudgha,
          serial_shops, shop, nicolae_shop_crystal
D:7:      layout_loops_ring, grunt_temple_overflow_bloody_war,
          marbit_many_paths, chequers_temple_overflow_minitemple, serial_shops,
          shop_fountains, chequers_mini_garden
D:8:      layout_basic, nicolae_overflow_hidden_temple, uniq_maurice,
          uniq_psyche

Skill      XL: |  1  2  3  4  5  6  7  8  9 |
---------------+----------------------------+-----
Shields        | 4 5 7 8 |  8.9
Fighting       | 4 5 |  5.9
Armour         | 4 5 6 |  6.5
Dodging        | 1 2 3 |  3.5
Maces & Flails | 3 4 5 6 7 |  7.7
Stealth        | |  0.9
Unarmed Combat | |  0.5
Evocations     | |  0.1

Action                   |  1- 3 |  4- 6 |  7- 9 || total
-------------------------+-------+-------+-------++-------
Melee: Flail             |   148 |   295 |    35 ||   478
       Unarmed           |       |     6 |       ||     6
       Whip              |       |       |   440 ||   440
Evoke: Wand              |       |       |     2 ||     2
  Use: Scroll            |       |       |    15 ||    15
       Potion            |       |       |     3 ||     3
Armor: Scale mail        |    94 |   131 |   119 ||   344
       Plate armour      |       |       |    10 ||    10
Dodge: Dodged            |    65 |   141 |   176 ||   382
Block: Kite shield       |    96 |   185 |   129 ||   410
       Tower shield      |       |       |   149 ||   149

Table legend: (Time is in decaauts)
 A = Elapsed time spent in this place.
 B = Non-inter-level travel time spent in this place.
 C = Inter-level travel time spent in this place.
 D = Time resting spent in this place.
 E = Time spent auto-exploring this place.
 F = Levels seen in this place.
 G = Mean time per level.
                   A        B        C        D        E       F      G
               +--------+--------+--------+--------+--------+-----+--------+
         Total |   8637 |   8497 |    140 |    916 |   5334 |   8 | 1079.6 |
       Dungeon |   8637 |   8497 |    140 |    916 |   5334 |   8 | 1079.6 |
               +--------+--------+--------+--------+--------+-----+--------+

Top non-repeatable levels by time:
     D:4: 1790 daAuts
     D:2: 1525 daAuts
     D:6: 1428 daAuts
     D:5: 1087 daAuts
     D:1: 912 daAuts
     D:7: 822 daAuts
     D:3: 774 daAuts
     D:8: 297 daAuts
